 Dungeon Sprint DCSS version 0.21.1-1-g345015f (webtiles) character file.

11203 Fang the Executioner (level 11, -6/119 HPs)
             Began as a Minotaur Berserker on May 23, 2018.
             Was the Champion of Trog.
             Mangled by an orc knight
             ... wielding a +1 broad axe
              (24 damage)
             ... in the Dungeon (Sprint IX: "|||||||||||||||||||||||||||||").
             The game lasted 00:05:20 (2486 turns).

Fang the Executioner (Minotaur Berserker)           Turns: 2486, Time: 00:05:20

Health: -6/119     AC: 12    Str: 25    XL:     11   Next: 46%
Magic:  10/10      EV: 17    Int:  4    God:    Trog [******]
Gold:   1250       SH:  0    Dex: 16    Spells: 10/10 levels left

rFire    + . .     SeeInvis .   y - +3 hand axe of Terror {drain, rF+ rC+ Dex+3}
rCold    + . .     Gourm    .   (no shield)
rNeg     . . .     Faith    .   o - +1 scale mail
rPois    .         Spirit   .   (helmet restricted)
rElec    .         Reflect  .   (no cloak)
rCorr    .         Harm     .   (no gloves)
MR       .....     NoTele   +   (no boots)
Stlth    +.........             (no amulet)
HPRegen  0.29/turn              q - +3 ring of dexterity
MPRegen  0.12/turn              p - +2 ring of protection

@: berserk cooldown, very slightly contaminated, slowed, invisible, very slow
A: retaliatory headbutt, horns 2
a: Berserk, Trog's Hand, Brothers in Arms, Burn Spellbooks, Renounce Religion


You were in the Dungeon.
You worshipped Trog.
Trog was exalted by your worship.
You were not hungry.

You visited 1 branch You collected 1250 gold pieces.

Inventory:

Hand Weapons
 n - a +4 battleaxe of venom
 x - a +6 antimagic executioner's axe
 y - the +3 hand axe of Terror (weapon) {drain, rF+ rC+ Dex+3}
   (Trog gifted it to you in the Dungeon)

   A truly terrible weapon, it drains the life of those it strikes.
   It affects your dexterity (+3).
   It protects you from fire.
   It protects you from cold.
 z - the +3 battleaxe "Iconuop" {chop, rF+}
   (Trog gifted it to you in the Dungeon)

   It inflicts extra damage upon your enemies.
   It protects you from fire.
Armour
 o - a +1 scale mail (worn)
Jewellery
 p - a +2 ring of protection (right hand)
 q - a +3 ring of dexterity (left hand)
 r - an uncursed ring of ice
Wands
 m - a wand of iceblast (10)
Scrolls
 i - 2 scrolls of blinking
 l - 5 scrolls of remove curse
 t - 2 scrolls of enchant armour
 u - a scroll of identify
 v - 3 scrolls of fear
 w - 2 scrolls of enchant weapon
Potions
 a - a potion of might
 b - a potion of brilliance
 d - 3 potions of curing
 e - 5 potions of heal wounds
 f - a potion of haste
 g - 4 potions of magic
 h - a potion of berserk rage
 j - a potion of agility
 s - 2 potions of flight
Comestibles
 c - 9 rations


   Skills:
 + Level 18.2 Fighting
 + Level 21.5 Axes
 + Level 12.2 Armour
 + Level 10.0 Dodging
 + Level 1.5 Stealth


You had 10 spell levels left.
You didn't know any spells.

Dungeon Overview and Level Annotations

Branches:
Dungeon (1/1)

Altars:
Cheibriados
Dithmenos
Elyvilon
Fedhas
Gozag
Hepliaklqana
Kikubaaqudgha
Makhleb
Nemelex Xobeh
Okawaru
Qazlal
Ru
Sif Muna
Trog
Uskayaw
Vehumet
Wu Jian
Xom
Yredelemnul
Zin
The Shining One
Beogh
Jiyva
Lugonu

Shops:
D =?


Innate Abilities, Weirdness & Mutations

You reflexively headbutt those who attack you in melee.
You have a pair of horns on your head.


Message History

Your headbutt misses the orc knight.
The orc knight is moderately wounded.
Unknown command.
Unknown command.
You feel better.
You feel better. The orc knight completely misses you. You furiously retaliate!
You headbutt the orc knight, but do no damage.
You fade into invisibility!
The orc high priest no longer looks unusually strong.
The orc knight roars a battlecry!
The orcs go into a battle-frenzy!
The orc knight hits you with an enchanted broad axe.
* * * LOW HITPOINT WARNING * * *
You are very lightly contaminated with residual magic.
The orc high priest no longer looks unusually strong.
The orc high priest mumbles some strange prayers to Beogh against you.
Beogh smites you!
* * * LOW HITPOINT WARNING * * *
The orc knight hits you with an enchanted broad axe!!
You die...

▓▓▓▓▓▓▓▓▓▓▓▓▓▓▓▓▓▓▓▓▓▓▓▓▓▓▓▓
o4.o4o4oo'o@...))))))))(....
▓▓▓▓▓▓▓▓▓▓▓▓▓▓▓▓▓▓▓▓▓▓▓▓▓▓▓▓▓▓▓▓▓
..)..............................
▓▓▓▓▓▓▓▓▓▓▓▓▓▓▓▓▓▓▓▓▓▓▓▓▓▓▓▓▓▓▓▓▓
'[|=.........÷.÷....÷.)'........÷
▓▓▓▓▓▓▓▓▓▓▓▓▓▓▓▓▓▓▓▓▓▓▓▓▓▓▓▓▓▓▓▓▓
.................................
▓▓▓▓▓▓▓▓▓▓▓▓▓▓▓▓▓▓▓▓▓▓▓▓▓▓▓▓▓▓▓▓▓
)..)[..[[)|?.'___________________


You could see 3 orc knights, an orc high priest and 2 rust devils.

Vanquished Creatures
  Josephine (D)
  A hydra (D)
  A two-headed ogre (D)
  An orc high priest (D)
  3 orc knights (D)
  2 orc sorcerers (D)
  2 ugly things (D)
  A gargoyle (D)
  3 spiny frogs (D)
  A rime drake (D)
  2 blink frogs (D)
  A tyrant leech (D)
  A hippogriff (D)
  3 wraiths (D)
  A wyvern (D)
  Grum (D)
  A vampire mosquito (D)
  An acid dragon (D)
  3 water moccasins (D)
  2 porcupines (D)
  8 orc warriors (D)
  An ice beast (D)
  An eye of draining (D)
  4 wolves (D)
  3 crocodiles (D)
  5 bullfrogs (D)
  A howler monkey (D)
  A jelly (D)
  3 orc priests (D)
  4 orc wizards (D)
  An adder (D)
  An adder skeleton (D)
  9 orcs (D)
  A bat skeleton (D)
  A goblin (D)
  A hobgoblin (D)
  A quokka (D)
  A frilled lizard (D)
  A quokka zombie (D)
  2 rats (D)
82 creatures vanquished.

Notes
Turn   | Place    | Note
-------+----------+-------------------------------------------
     0 | D        | Fang the Minotaur Berserker began the quest for the Orb.
     0 | D        | Reached XP level 1. HP: 19/19 MP: 0/0
     5 | D        | Reached skill level 4 in Axes
    12 | D        | Reached ** piety under Trog
    52 | D        | Noticed a howler monkey
    61 | D        | Killed a howler monkey
    61 | D        | Reached *** piety under Trog
    61 | D        | Reached skill level 6 in Axes
    61 | D        | Reached XP level 2. HP: 30/30 MP: 1/1
    61 | D        | Reached XP level 3. HP: 37/37 MP: 2/2
    72 | D        | Found a roughly hewn altar of Beogh.
    72 | D        | Found a snail-covered altar of Cheibriados.
    72 | D        | Found a shadowy altar of Dithmenos.
    72 | D        | Found a white marble altar of Elyvilon.
    72 | D        | Found a blossoming altar of Fedhas.
    72 | D        | Found an opulent altar of Gozag.
    73 | D        | Found a hazy altar of Hepliaklqana.
    74 | D        | Found a viscous altar of Jiyva.
    75 | D        | Found an ancient bone altar of Kikubaaqudgha.
    76 | D        | Found a corrupted altar of Lugonu.
    77 | D        | Found a burning altar of Makhleb.
    78 | D        | Found a sparkling altar of Nemelex Xobeh.
    79 | D        | Found an iron altar of Okawaru.
    80 | D        | Found a stormy altar of Qazlal.
   120 | D        | Found a sacrificial altar of Ru.
   121 | D        | Found a deep blue altar of Sif Muna.
   122 | D        | Found a bloodstained altar of Trog.
   123 | D        | Found a hide-covered altar of Uskayaw.
   124 | D        | Found a radiant altar of Vehumet.
   125 | D        | Found an ornate altar of the Wu Jian Council.
   126 | D        | Found a shimmering altar of Xom.
   127 | D        | Found a basalt altar of Yredelemnul.
   128 | D        | Found a glowing silver altar of Zin.
   129 | D        | Found a glowing golden altar of the Shining One.
   172 | D        | Noticed an orc warrior
   172 | D        | Noticed a two-headed ogre
   172 | D        | Noticed an eye of draining
   172 | D        | Noticed a gargoyle
   177 | D        | Killed a gargoyle
   177 | D        | Reached **** piety under Trog
   177 | D        | Reached skill level 10 in Fighting
   177 | D        | Reached skill level 11 in Axes
   177 | D        | Reached skill level 5 in Armour
   177 | D        | Reached skill level 5 in Dodging
   177 | D        | Reached XP level 4. HP: 34/51 MP: 0/3
   177 | D        | Reached XP level 5. HP: 39/58 MP: 0/4
   177 | D        | Reached XP level 6. HP: 45/66 MP: 0/5
   189 | D        | Killed a two-headed ogre
   189 | D        | Reached skill level 13 in Axes
   189 | D        | Reached XP level 7. HP: 8/78 MP: 0/6
   189 | D        | Reached XP level 8. HP: 9/85 MP: 0/7
   192 | D        | Reached ***** piety under Trog
   192 | D        | Reached skill level 14 in Axes
   509 | D        | Noticed a white ugly thing
   509 | D        | Noticed a cyan ugly thing
   512 | D        | Killed a cyan ugly thing
   515 | D        | Reached skill level 15 in Axes
   524 | D        | Killed a white ugly thing
   524 | D        | Reached XP level 9. HP: 71/94 MP: 8/8
   533 | D        | Reached skill level 16 in Axes
   979 | D        | Noticed a spiny frog
   979 | D        | Noticed a rime drake
   982 | D        | Killed a rime drake
   990 | D        | Killed a spiny frog
   990 | D        | Reached ****** piety under Trog
   991 | D        | Reached skill level 17 in Axes
   998 | D        | Reached skill level 15 in Fighting
   998 | D        | Reached skill level 10 in Armour
  1248 | D        | Noticed a seven-headed hydra
  1248 | D        | Noticed a spiny frog
  1253 | D        | Received a gift from Trog
  1255 | D        | Killed a spiny frog
  1258 | D        | Reached XP level 10. HP: 105/105 MP: 9/9
  1264 | D        | Killed an 11-headed hydra
  1264 | D        | Reached skill level 18 in Axes
  1271 | D        | Received a gift from Trog
  1436 | D        | Noticed a spiny frog
  1442 | D        | Killed a spiny frog
  1444 | D        | Reached skill level 19 in Axes
  1685 | D        | Noticed Josephine
  1692 | D        | Killed Josephine
  1692 | D        | Received a gift from Trog
  1696 | D        | Reached skill level 20 in Axes
  1729 | D        | Noticed Grum
  1740 | D        | Killed Grum
  1740 | D        | Reached skill level 1 in Stealth
  1746 | D        | Reached XP level 11. HP: 92/117 MP: 3/10
  1937 | D        | Noticed an orc knight
  1944 | D        | Killed an orc knight
  1944 | D        | Received a gift from Trog
  1957 | D        | Received a gift from Trog
  1985 | D        | Got a bloodstained battleaxe {god gift}
  1992 | D        | Identified the +3 battleaxe "Iconuop" {chop, rF+} (Trog gifted it to you in the Dungeon)
  2074 | D        | Noticed an orc knight
  2074 | D        | Noticed an orc sorcerer
  2091 | D        | Killed an orc sorcerer
  2091 | D        | Received a gift from Trog
  2096 | D        | Noticed an orc sorcerer
  2099 | D        | Killed an orc knight
  2108 | D        | Killed an orc sorcerer
  2108 | D        | Reached skill level 21 in Axes
  2113 | D        | Received a gift from Trog
  2136 | D        | Got an iridescent hand axe {god gift}
  2138 | D        | Identified the +3 hand axe of Terror {drain, rF+ rC+ Dex+3} (Trog gifted it to you in the Dungeon)
  2446 | D        | Found Yduf Ifo's Magic Scroll Boutique.
  2446 | D        | Noticed an orc knight
  2446 | D        | Noticed an orc knight
  2446 | D        | Noticed an orc knight
  2446 | D        | Noticed an orc high priest
  2446 | D        | Noticed an orc knight
  2447 | D        | Noticed a soul eater
  2448 | D        | Noticed an orc high priest
  2458 | D        | Noticed an orc high priest
  2462 | D        | Killed an orc knight
  2463 | D        | Found Nega's Jewellery Shop.
  2467 | D        | Killed an orc high priest
  2467 | D        | Reached skill level 10 in Dodging
  2468 | D        | Noticed an orc knight
  2486 | D        | Mangled by an orc knight

Skill      XL: |  1  2  3  4  5  6  7  8  9 10 11 |
---------------+----------------------------------+-----
Fighting       | 6 10 12 13 15 17 18 | 18.2
Axes           | 6 11 13 15 17 20 21 | 21.5
Armour         | 3 5 7 8 10 11 12 | 12.2
Dodging        | 3 5 6 7 8 9 10 | 10.0
Stealth        | 1 |  1.5

Action                   |  1- 3 |  4- 6 |  7- 9 | 10-12 || total
-------------------------+-------+-------+-------+-------++-------
Melee: Hand axe          |    23 |       |       |    28 ||    51
       Headbutt          |     1 |     4 |    13 |    28 ||    46
       War axe           |     4 |     9 |    51 |    18 ||    82
       Executioner's axe |       |       |       |    63 ||    63
       Battleaxe         |       |       |       |    39 ||    39
Invok: Berserk           |     2 |       |     3 |     5 ||    10
  Use: Potion            |       |       |       |     5 ||     5
  Eat: Chunk             |       |       |     1 |     6 ||     7
       Ration            |       |       |     1 |     1 ||     2
Armor: Animal skin       |     2 |       |       |       ||     2
       Scale mail        |     1 |       |     8 |    30 ||    39
Dodge: Dodged            |    12 |     2 |    18 |    74 ||   106
